 Dungeon Crawl Stone Soup version 0.29.0-13-gc9e81de378 (webtiles) character file.

Game seed: 13959903181856456752

92 Artool the Cudgeller (level 4, -17/34 HPs)
             Began as a Demonspawn Gladiator on Sept 7, 2022.
             Demolished by an ogre
             ... wielding a +0 giant club
              (30 damage)
             ... on level 3 of the Dungeon.
             The game lasted 00:02:51 (2287 turns).

Artool the Cudgeller (Demonspawn Gladiator)         Turns: 2287, Time: 00:02:51

Health: -17/34     AC:  3    Str: 16    XL:     4   Next: 35%
Magic:  4/4        EV: 12    Int: 10    God:
Gold:   147        SH:  5    Dex: 14    Spells: 3/3 levels left

rFire   . . .      SeeInvis +   a - +0 flail
rCold   . . .      Faith    .   (no shield)
rNeg    . . .      Spirit   .   b - +0 leather armour
rPois   +          Reflect  +   (helmet restricted)
rElec   .          Harm     .   (no cloak)
rCorr   .          Rampage  .   (no gloves)
Will    .....                   (no boots)
Stlth   +.........              w - amulet of reflection
HPRegen 0.11/turn               f - ring of poison resistance
MPRegen 0.09/turn               h - ring of see invisible

@: no status effects
A: antennae 1, foul stench 1, weakness stinger 1
a: no special abilities


You were on level 3 of the Dungeon.
You visited 1 branch of the dungeon, and saw 3 of its levels.

You collected 147 gold pieces.

Inventory:

Hand Weapons
 a - a +0 flail (weapon)
Missiles
 d - 3 throwing nets (quivered)
 e - a javelin
Armour
 b - a +0 leather armour (worn)
 c - a +0 helmet
Jewellery
 f - a ring of poison resistance (left hand)
 h - a ring of see invisible (right hand)
 q - a +6 ring of intelligence
 u - a ring of willpower
 w - an amulet of reflection (around neck)
Scrolls
 i - 3 scrolls of identify {unknown}
 p - a scroll of silence {unknown}
 s - 2 scrolls of teleportation {unknown}
 t - a scroll of amnesia {unknown}
 v - 2 scrolls of blinking {unknown}
Potions
 g - a potion of berserk rage {unknown}
 j - 2 potions of flight {unknown}
 k - a potion of attraction {unknown}
 l - a potion of heal wounds {unknown}
 m - 3 potions of ambrosia {unknown}
 n - a potion of brilliance {unknown}
 o - a potion of haste {unknown}
 r - a potion of mutation {unknown}
 x - a potion of degeneration {unknown}


   Skills:
 + Level 2.8 Fighting
 + Level 3.2 Maces & Flails
 - Level 2.0 Throwing
 + Level 1.5 Armour
 + Level 3.2 Dodging


You had 3 spell levels left.
You didn't know any spells.
Your spell library contained the following spells:

 Spells                   Type           Power      Damage    Failure   Level
 Dazzling Flash           Conj/Hex       0%         N/A       80%         3
 Agony                    Necr           0%         N/A       100%        5
 Silence                  Hex/Air        0%         N/A       100%        5


Dungeon Overview and Level Annotations

Branches:
Dungeon (3/15)

Altars:


Innate Abilities, Weirdness & Mutations

You have a pair of small antennae on your head.
You may rarely emit foul miasma when damaged in melee.
You have a small tail.


Message History

You kill the goblin!
No target in view!
No target in view!
A bat comes into view.
No target in view!
No target in view!
No target in view!
A bat is nearby!
No target in view!
v - 2 scrolls labelled SAYWOALLECSEA (gained 1)
Found a stone staircase leading down.
The bat hits you but does no damage.
You miss the bat. The bat misses you. You block the bat's attack.
The bat misses you.
You sock the bat!
You kill the bat!
No target in view!
No target in view!
An ogre comes into view. It is wielding a +0 giant club.
The ogre shouts!
You hit the ogre.
The ogre is moderately wounded.
The ogre hits you with a +0 giant club!!
Ouch! That really hurt!
You are too injured to fight recklessly!
You are too injured to fight recklessly!
You are too injured to fight recklessly!
Unknown command.
You are too injured to fight recklessly!
You are too injured to fight recklessly!
You are too injured to fight recklessly!
You are too injured to fight recklessly!
You are too injured to fight recklessly!
You are too injured to fight recklessly!
Unknown command.
You hit the ogre.
The ogre is moderately wounded.
The ogre hits you with a +0 giant club!!
Ouch! That really hurt!
You die...

#..
....>....#.....#
..
.........#.#.###
.........†...#.# #
.########...#.# +
.. #.#...#.# # #.
#.....#.#
#####.####.....#.#
...............#.#
#####.#.)..#...#@#
#####.#†####...#O#
......#.# #...#.#
#######.# #...#.#
# #.# ...#.# # #.#
.#.. # #.# #.. #
#.# ### # #.#


You could see an ogre.

Vanquished Creatures
  3 adders
  A worm (D:2)
  3 dart slugs
  An orc (D:3)
  10 ball pythons
  5 bats
  3 endoplasms
  2 giant cockroaches (D:1)
  7 goblins
  2 hobgoblins
  5 jackals
  5 kobolds
  A quokka (D:1)
  4 frilled lizards
  3 rats
55 creatures vanquished.

Notes
Turn   | Place    | Note
-------+----------+-------------------------------------------
     0 | D:1      | Artool the Demonspawn Gladiator began the quest for the
                  | Orb.
     0 | D:1      | Reached XP level 1. HP: 16/16 MP: 1/1
   167 | D:1      | Discovered your monstrous ancestry.
   167 | D:1      | Gained mutation: You have a small tail. [demonic ancestry]
   167 | D:1      | Reached XP level 2. HP: 22/22 MP: 2/2
   548 | D:1      | Found a faded altar of an unknown god.
  1036 | D:2      | Gained mutation: You have a pair of small antennae on your
                  | head. [demonic ancestry]
  1036 | D:2      | Reached XP level 3. HP: 21/28 MP: 3/3
  1048 | D:2      | Reached skill level 1 in Armour
  1765 | D:2      | Gained mutation: You may rarely emit foul miasma when
                  | damaged in melee. [demonic ancestry]
  1765 | D:2      | Reached XP level 4. HP: 32/34 MP: 4/4
  2282 | D:3      | Noticed an ogre
  2287 | D:3      | Demolished by an ogre

Illustrated notes

Levels and vault maps discovered:
D:1:      minmay_arrival_radiant_lines, layout_loops_cross,
          nicolae_ecumenical_snake_handling, minivault_11, serial_bayou_pond_a,
          minivault_27
D:2:      layout_basic
D:3:      layout_basic, nicolae_gozag_cash_rules_everything_around_me,
          lemuel_another_geyser

Skill      XL: |  1  2  3 |
---------------+----------+-----
Throwing       | 2 |  2.0
Dodging        | 3 |  3.2
Maces & Flails | 3 |  3.2
Armour         | 1 |  1.5
Fighting       | |  2.8

Action                   |  1- 3 |  4- 6 || total
-------------------------+-------+-------++-------
Melee: Flail             |   121 |    39 ||   160
       Tailslap          |     7 |     1 ||     8
 Stab: Sleeping          |     2 |       ||     2
Armor: Leather armour    |    36 |    14 ||    50
Dodge: Dodged            |    94 |    29 ||   123
Block: Other             |       |    10 ||    10
